 Dungeon Crawl Stone Soup version 0.29.0-4-gdea44cf6ec (webtiles) character file.

Game seed: 10388959597437969912

372 qw the Chopper (level 6, -3/35 (36) HPs)
             Began as a Tengu Warper on Aug 28, 2022.
             Killed by divine providence
             ... invoked by an orc priest
              (12 damage)
             ... on level 4 of the Dungeon.
             The game lasted 00:00:21 (2934 turns).

qw the Chopper (Tengu Warper)                       Turns: 2934, Time: 00:00:21

HP:   -3/35 (36)    AC:  8    Str: 19    XL:     6   Next: 71%
MP:   10/10         EV:  9    Int: 13    God:
Gold: 189           SH:  0    Dex: 14    Spells: 9/9 levels left

rFire   . . .      SeeInvis .   Y - +0 broad axe
rCold   + . .      Faith    .   (no shield)
rNeg    . . .      Spirit   .   n - +0 chain mail
rPois   .          Reflect  .   (helmet restricted)
rElec   .          Harm     .   (no cloak)
rCorr   .          Rampage  .   (no gloves)
Will    .....                   (boots unavailable)
Stlth   ..........              i - amulet of the acrobat
HPRegen 0.11/turn               d - ring of protection from cold
MPRegen 0.12/turn               c - +6 ring of strength

@: about to teleport, flying quickly and evasively, lightly drained, quick
A: beak, talons 3, nimble flight
a: no special abilities


You were on level 4 of the Dungeon.
You visited 1 branch of the dungeon, and saw 4 of its levels.

You collected 237 gold pieces.
You spent 48 gold pieces at shops.


Innate Abilities, Weirdness & Mutations

You have a beak for a mouth.
You have claws for feet.
Your magical nature lets you fly swiftly and evasively.


   Skills:
 + Level 2.4 Fighting
 - Level 7.1 Axes
 - Level 1.0 Throwing
 - Level 2.2 Armour
 - Level 2.1 Dodging
 - Level 2.0 Spellcasting
 - Level 2.4 Translocations


You had 9 spell levels left.
You didn't know any spells.
Your spell library contained the following spells:

 Spells                   Type           Power      Damage    Failure   Level
 Blink                    Tloc           14%        N/A       87%         2
 Gell's Gravitas          Tloc           7%         N/A       98%         3
 Lesser Beckoning         Tloc           7%         N/A       98%         3
 Teleport Other           Tloc           7%         N/A       98%         3
 Manifold Assault         Tloc           7%         N/A       100%        5

Inventory:

Hand Weapons
 j - a +0 mace
 Y - a +0 broad axe (weapon)
Missiles
 r - 9 boomerangs (quivered)
Armour
 n - a +0 chain mail (worn)
Jewellery
 c - a +6 ring of strength (right hand)
 d - a ring of protection from cold (left hand)
 i - an amulet of the acrobat (around neck)
Scrolls
 o - a scroll of torment {unknown}
 q - a scroll of identify
 s - a scroll of enchant weapon {unknown}
Potions
 a - a potion of degeneration {unknown}
 b - a potion of berserk rage {unknown}
 f - 2 potions of flight {unknown}
 g - a potion of cancellation {unknown}
 h - a potion of might {unknown}
 k - a potion of heal wounds
 l - a potion of lignification {unknown}
 m - 2 potions of resistance
 p - 2 potions of curing

Dungeon Overview and Level Annotations

Branches:
Dungeon (4/15)
 Temple: D:4-7

Altars:

Shops:
D:2 (

Portals:
Abyss: D:3

Annotations:
D:3 2 transporters, qw's ghost, amateur TeWr
D:4 2 runed translucent doors, qw's ghost, amateur TeWr


Message History

An orc comes into view. It is wielding a +2 dagger of draining.
The orc priest calls upon Beogh to heal the orc wizard.
The orc wizard is healed somewhat.
The orc shouts!
You hit the orc wizard. You claw the orc wizard.
Your peck misses the orc wizard.
The orc wizard is severely wounded.
You slash the gnoll!
You kill the gnoll!
You hit the bush but do no damage. x2
The orc wizard casts a spell.
The orc wizard flickers and vanishes!
Deactivating autopickup; reactivate with Ctrl-A.
The ball python closely misses you. The ball python misses you.
The orc priest invokes the aid of Beogh against you.
Beogh smites you! Something hits you but does no damage.
You hit the orc priest. Your kick misses the orc priest.
You peck the orc priest, but do no damage.
The orc priest is moderately wounded.
You slash the ball python!
You kill the ball python!
You hit the bush. You slash something!
Reactivating autopickup.
You feel a bit more experienced.
The orc priest hits you with a +0 dagger.
2933 ||| READING scroll of teleportation.
As you read the scroll of teleportation, it crumbles to dust.
You feel strangely unstable. The orc priest barely misses you.
The orc hits you with a +2 dagger of draining.
You feel drained.
You barely miss the orc priest.
You claw the orc priest, but do no damage.
Your peck misses the orc priest.
The orc priest is moderately wounded.
You hit the orc. You hit the bush. The orc barely misses you.
The orc priest calls down the wrath of Beogh upon you.
Beogh smites you!
You die...

..#......# ..#
.........# ..
#.#.###..#####.#
...............####
#.#####..####..#..#
.....#...#.....#..# #
.....#........##.P#'#+#
..........[#..#.).)...#
..........##....@P#...#
.....#.....###.oo.# ..#
##...#....[.......# ##
...........#...####
#..###....<#.#.#
.......##..#.#.#
.............#o#
...........> #.#
.#########


You could see an orc priest and an orc.

Vanquished Creatures
  Sigmund (D:3)
  2 hounds (D:4)
  An orc wizard (D:4)
  4 adders
  A gnoll (D:4)
  2 dart slugs (D:1)
  5 bats
  6 endoplasms
  5 giant cockroaches
  9 goblins
  9 hobgoblins
  9 jackals
  2 quokkas
  9 ball pythons
  A frilled lizard (D:1)
  A kobold (D:1)
  7 rats
74 creatures vanquished.

Notes
Turn   | Place    | Note
-------+----------+-------------------------------------------
     0 | D:1      | qw the Tengu Warper began the quest for the Orb.
     0 | D:1      | Reached XP level 1. HP: 12/12 MP: 4/4
     0 | D:1      | 0 ||| qw: Version: 0.1-a-89-g26bdef1
     0 | D:1      | 0 ||| qw: Game counter: 3300
     0 | D:1      | 0 ||| qw: Always use a shield: true
     0 | D:1      | 0 ||| qw: God list: Okawaru
     0 | D:1      | 0 ||| qw: Allow faded altars: false
     0 | D:1      | 0 ||| qw: Do Orc after D:15 true
     0 | D:1      | 0 ||| qw: Do second Lair branch before Depths: true
     0 | D:1      | 0 ||| qw: Lair rune preference: random
     0 | D:1      | 0 ||| qw: Plans: Normal
     0 | D:1      | 0 ||| PLANNING D:1-11
    15 | D:1      | 15 ||| Stepping ~*~*~tactically~*~*~ (hiding).
   195 | D:1      | Reached XP level 2. HP: 17/17 MP: 6/6
   203 | D:1      | Reached skill level 3 in Axes
   645 | D:1      | 645 ||| Stepping ~*~*~tactically~*~*~ (hiding).
   774 | D:1      | 774 ||| Stepping ~*~*~tactically~*~*~ (stealth).
   845 | D:1      | Reached XP level 3. HP: 21/21 MP: 7/7
   845 | D:1      | 845 ||| DROPPING +0 club.
  1122 | D:1      | Reached skill level 4 in Axes
  1175 | D:1      | 1175 ||| UPGRADING to amulet of the acrobat.
  1180 | D:1      | 1180 ||| UPGRADING to ring of protection from cold.
  1181 | D:1      | 1181 ||| READING scroll labelled BUHYKKETAH.
  1182 | D:1      | 1182 ||| DROPPING scroll of blinking.
  1260 | D:2      | 1260 ||| Stepping ~*~*~tactically~*~*~ (stealth).
  1261 | D:2      | 1261 ||| Stepping ~*~*~tactically~*~*~ (stealth).
  1264 | D:2      | 1264 ||| Stepping ~*~*~tactically~*~*~ (stealth).
  1279 | D:2      | 1279 ||| FLEEEEING.
  1286 | D:2      | 1286 ||| STAIRDANCE
  1358 | D:2      | Found Fiumirat's Weapon Emporium.
  1367 | D:2      | 1367 ||| BUYING +0 broad axe (48 gold).
  1367 | D:2      | Bought a +0 broad axe for 48 gold pieces
  1367 | D:2      | 1367 ||| SWAPPING to +0 broad axe.
  1368 | D:2      | 1368 ||| DROPPING +0 hand axe.
  1405 | D:2      | HP: 4/21 [adder (3)]
  1505 | D:2      | 1505 ||| FLEEEEING.
  1506 | D:2      | 1506 ||| FLEEEEING.
  1507 | D:2      | 1507 ||| FLEEEEING.
  1508 | D:2      | 1508 ||| FLEEEEING.
  1509 | D:2      | 1509 ||| FLEEEEING.
  1510 | D:2      | 1510 ||| FLEEEEING.
  1511 | D:2      | 1511 ||| FLEEEEING.
  1512 | D:2      | 1512 ||| FLEEEEING.
  1513 | D:2      | 1513 ||| FLEEEEING.
  1514 | D:2      | 1514 ||| FLEEEEING.
  1515 | D:2      | 1515 ||| FLEEEEING.
  1516 | D:2      | 1516 ||| FLEEEEING.
  1517 | D:2      | 1517 ||| FLEEEEING.
  1518 | D:2      | 1518 ||| FLEEEEING.
  1519 | D:2      | 1519 ||| FLEEEEING.
  1520 | D:2      | 1520 ||| FLEEEEING.
  1521 | D:2      | 1521 ||| FLEEEEING.
  1522 | D:2      | 1522 ||| FLEEEEING.
  1524 | D:2      | 1524 ||| FLEEEEING.
  1525 | D:2      | 1525 ||| FLEEEEING.
  1526 | D:2      | 1526 ||| STAIRDANCE
  1636 | D:1      | 1636 ||| UPGRADING to +0 ring mail.
  1646 | D:1      | 1646 ||| DROPPING +0 leather armour.
  1647 | D:1      | 1647 ||| UPGRADING to +0 chain mail.
  1657 | D:1      | 1657 ||| DROPPING +0 ring mail.
  1658 | D:1      | 1658 ||| UPGRADING to +6 ring of strength.
  1659 | D:1      | 1659 ||| DROPPING ring of wizardry.
  1663 | D:2      | Reached XP level 4. HP: 26/26 MP: 8/8
  2001 | D:2      | 2001 ||| READING scroll labelled ENESYN NUTYH.
  2002 | D:2      | 2002 ||| READING scroll labelled OXKONA ACUDI.
  2003 | D:2      | 2003 ||| READING scroll labelled PITINURAULA.
  2004 | D:2      | 2004 ||| DRINKING 2 fizzy sapphire potions.
  2005 | D:2      | 2005 ||| DRINKING 2 ruby potions.
  2006 | D:2      | 2006 ||| DROPPING potion of brilliance.
  2040 | D:3      | 2040 ||| STAIRDANCE
  2090 | D:3      | 2090 ||| Stepping ~*~*~tactically~*~*~ (stealth).
  2100 | D:3      | 2100 ||| Stepping ~*~*~tactically~*~*~ (stealth).
  2111 | D:3      | Reached skill level 5 in Axes
  2200 | D:3      | Found a transporter.
  2203 | D:3      | Noticed a small abomination
  2261 | D:3      | Found a one-way gate to the infinite horrors of the Abyss.
  2261 | D:3      | Noticed qw's ghost (amateur TeWr)
  2304 | D:3      | Noticed Sigmund
  2305 | D:3      | 2305 ||| Stepping ~*~*~tactically~*~*~ (hiding).
  2315 | D:3      | Killed Sigmund
  2316 | D:3      | Reached skill level 6 in Axes
  2316 | D:3      | Gained mutation: Your magical nature lets you fly swiftly
                  | and evasively. [Tengu growth]
  2316 | D:3      | Reached XP level 5. HP: 30/30 MP: 9/9
  2316 | D:3      | Reached XP level 6. HP: 35/35 MP: 10/10
  2581 | D:3      | Found a transporter.
  2599 | D:3      | Found a faded altar of an unknown god.
  2677 | D:3      | 2677 ||| READING 3 scrolls labelled ZIETEE TEKOE.
  2678 | D:3      | 2678 ||| DRINKING 2 sedimented cyan potions.
  2679 | D:3      | 2679 ||| DRINKING 3 bubbling coppery potions.
  2680 | D:3      | 2680 ||| DRINKING 2 purple potions.
  2681 | D:3      | 2681 ||| DRINKING 3 coppery potions.
  2682 | D:3      | 2682 ||| DROPPING potion of attraction.
  2683 | D:3      | 2683 ||| DROPPING 2 scrolls of poison.
  2684 | D:3      | 2684 ||| DROPPING potion of magic.
  2763 | D:4      | 2763 ||| Stepping ~*~*~tactically~*~*~ (stealth).
  2764 | D:4      | 2764 ||| Stepping ~*~*~tactically~*~*~ (stealth).
  2767 | D:4      | 2767 ||| Stepping ~*~*~tactically~*~*~ (stealth).
  2818 | D:4      | 2818 ||| Stepping ~*~*~tactically~*~*~ (stealth).
  2828 | D:4      | 2828 ||| Stepping ~*~*~tactically~*~*~ (stealth).
  2841 | D:4      | Found a runed translucent door.
  2842 | D:4      | Noticed qw's ghost (amateur TeWr)
  2862 | D:4      | Found a runed translucent door.
  2918 | D:4      | 2918 ||| Stepping ~*~*~tactically~*~*~ (stealth).
  2928 | D:4      | Reached skill level 7 in Axes
  2933 | D:4      | 2933 ||| READING scroll of teleportation.
  2933 | D:4      | HP: 9/36 [orc/+2 dagger of draining (1)]
  2934 | D:4      | Killed from afar by an orc priest

Levels and vault maps discovered:
D:1:      amcnicky_arrival_flooded_fountain, layout_loops_ring
D:2:      layout_rooms, serial_shops, nicolae_shop_bloodbath_and_beyond
D:3:      minmay_door_path, layout_rooms, gammafunk_ghost_abyssal_escape,
          shapermc_ecumenical_altar_pompeii, uniq_sigmund
D:4:      layout_basic, ebering_ghost_sewer_f, minmay_crystal_room,
          cheibrodos_gnoll_hut

Skill      XL: |  1  2  3  4  5  6 |
---------------+-------------------+-----
Axes           | 3 4 6 7 |  7.1
Armour         | 2 |  2.2
Fighting       | |  2.4
Throwing       | |  1.0
Dodging        | |  2.1
Spellcasting   | |  2.0
Translocations | |  2.4

Action                   |  1- 3 |  4- 6 || total
-------------------------+-------+-------++-------
Melee: Hand axe          |    60 |       ||    60
       Kick              |    15 |    15 ||    30
       Peck              |    13 |     8 ||    21
       Broad axe         |    11 |    70 ||    81
       Punch             |       |     2 ||     2
Throw: Boomerang         |     7 |     7 ||    14
  Use: Scroll            |     1 |     5 ||     6
       Potion            |       |     6 ||     6
Armor: Leather armour    |    18 |       ||    18
       Chain mail        |     2 |    24 ||    26
Dodge: Dodged            |    43 |    42 ||    85

Table legend:
 A = Non-vault XP
 B = Vault XP
 C = Vault XP percentage of total XP
 D = Non-vault monster count
 E = Vault monster count
 F = Vault count percentage of total count
                 A         B        C        D         E       F
            +---------+---------+-------+---------+---------+-------
      Total |     201 |     331 |  62.2 |      68 |       6 |   8.1
            +---------+---------+-------+---------+---------+-------
        D:1 |      46 |       0 |   0.0 |      26 |       0 |   0.0
        D:2 |      44 |       0 |   0.0 |      13 |       0 |   0.0
        D:3 |      57 |     229 |  80.1 |      18 |       3 |  14.3
        D:4 |      54 |     102 |  65.4 |      11 |       3 |  21.4
            +---------+---------+-------+---------+---------+-------
